 Dungeon Crawl Stone Soup version 0.20.1-1-g8b1a95d66d (webtiles) character file.

48 Mgwh the Cudgeler (level 3, -5/33 HPs)
             Began as a Minotaur Berserker on Dec 7, 2017.
             Was a Follower of Trog.
             Slain by Menkaure (6 damage)
             ... on level 4 of the Dungeon on Dec 8, 2017.
             The game lasted 00:27:08 (1925 turns).

Mgwh the Cudgeler (Minotaur Berserker)              Turns: 1925, Time: 00:27:08

Health: -5/33      AC:  5    Str: 22    XL:     3   Next: 50%
Magic:  2/2        EV: 11    Int:  4    God:    Trog [*.....]
Gold:   93         SH:  0    Dex:  9    Spells: 2/2 levels left

rFire    . . .     SeeInvis .   m - +0 mace
rCold    . . .     Gourm    .   (no shield)
rNeg     . . .     Faith    .   k - +0 ring mail (curse)
rPois    .         Spirit   .   (helmet restricted)
rElec    .         Reflect  .   (no cloak)
rCorr    .         Harm     .   (no gloves)
MR       .....                  (no boots)
Stlth    ..........             (no amulet)
Regen    0.2/turn               (no ring)
MPRegen  0.1/turn               (no ring)

@: about to teleport
A: retaliatory headbutt, horns 2
a: Berserk, Burn Spellbooks, Renounce Religion


You were on level 4 of the Dungeon.
You worshipped Trog.
Trog was aware of your devotion.
You were not hungry.

You visited 1 branch of the dungeon, and saw 3 of its levels.

You collected 93 gold pieces.

Inventory:

Hand Weapons
 a - a +0 mace
 g - a +0 hand axe
 l - a +0 club
 m - a +0 mace (weapon)
 p - a +0 mace
 v - a +0 dagger
 w - a +0 club
 x - a +0 club
 y - a +0 whip
 z - a +0 arbalest
Missiles
 e - 58 arrows
Armour
 b - a +0 animal skin
 f - a +0 ring mail
 h - a +0 leather armour
 k - a cursed +0 ring mail (worn)
 r - a +0 leather armour
 A - a +0 leather armour
Scrolls
 d - 2 scrolls of fear {unknown}
 i - a scroll of enchant weapon {unknown}
 j - 3 scrolls of identify {unknown}
 o - a scroll of remove curse {unknown}
 s - 2 scrolls of immolation {unknown}
 t - a scroll of fog {unknown}
Potions
 u - a potion of flight {unknown}
Comestibles
 n - a meat ration
 q - a fruit
 B - a bread ration


   Skills:
 + Level 4.1 Fighting
 + Level 4.5 Maces & Flails
 + Level 2.9 Armour
 + Level 2.5 Dodging
 + Level 0.1 Stealth


You had 2 spell levels left.
You didn't know any spells.

Dungeon Overview and Level Annotations

Branches:
Dungeon (4/15)
 Temple: D:4-7

Altars:

Annotations:
D:4 Menkaure


Innate Abilities, Weirdness & Mutations

You reflexively headbutt those who attack you in melee.
You have a pair of horns on your head.


Message History

Menkaure shrieks, "Why can't you leave me to my rest?"
Menkaure hits you!
Menkaure mumbles some strange words.
Menkaure seems to speed up.
Menkaure calls on the powers of darkness!
Your body is wracked with pain!
You see here a leopard gecko corpse.
Menkaure closely misses you. x2
Menkaure closely misses you. Menkaure hits you.
* * * LOW HITPOINT WARNING * * *
Menkaure misses you.
There is an open door here.
Menkaure hits you.
* * * LOW HITPOINT WARNING * * *
Menkaure misses you. Menkaure closely misses you.
As you read the scroll labeled QAPNIN LUIDYJU, it crumbles to dust.
You feel strangely unstable.
It was a scroll of teleportation.
Menkaure hits you.
You die...

.......# .......#
.......#####+##
..............###+#
..............#...#
..............#.†.#
..............#>..#
..............#M..#
..............'.@.#
..............#...#
..............#####
..###'######.........
..#........#.........
..#........#.........
..#........#.........
..#........#.........
..#..M##...######....


You could see Menkaure.

Vanquished Creatures
  2 adders (D:2)
  An ooze (D:1)
  A leopard gecko (D:4)
  3 giant cockroaches
  4 goblins
  4 hobgoblins (D:1)
  A quokka (D:2)
  A bat (D:2)
  3 kobolds
  2 rats (D:1)
22 creatures vanquished.

Notes
Turn   | Place    | Note
-------+----------+-------------------------------------------
     0 | D:1      | Mgwh the Minotaur Berserker began the quest for the Orb.
     0 | D:1      | Reached XP level 1. HP: 19/19 MP: 0/0
   164 | D:1      | Reached XP level 2. HP: 27/27 MP: 1/1
  1562 | D:2      | Reached XP level 3. HP: 29/33 MP: 2/2
  1626 | D:2      | You fall through a shaft for 2 floors!
  1894 | D:4      | Noticed Menkaure
  1923 | D:4      | HP: 1/33 [Menkaure (5)]
  1925 | D:4      | Slain by Menkaure

Skill      XL: |  1  2 |
---------------+-------+-----
Maces & Flails | 4 |  4.5
Fighting       | 4 |  4.1
Armour         | |  2.9
Dodging        | |  2.5
Stealth        | |  0.1

Action                   || total
-------------------------++-------
Melee: Mace              ||    41
       Headbutt          ||     3
       Arbalest          ||     1
Invok: Berserk           ||     1
  Use: Scroll            ||     1
  Eat: Bread ration      ||     1
Armor: Ring mail         ||    15
Dodge: Dodged            ||    31
